 Dungeon Crawl Stone Soup version 0.22.1-2-g9c5b331383 (webtiles) character file.

206 Mysteryquy the Shield-Bearer (level 5, -5/33 HPs)
             Began as a Gargoyle Fighter on Nov 14, 2018.
             Killed by divine providence
             ... invoked by an orc priest
              (10 damage)
             ... on level 3 of the Dungeon.
             The game lasted 00:02:26 (1677 turns).

Mysteryquy the Shield-Bearer (Gargoyle Fighter)     Turns: 1677, Time: 00:02:27

Health: -5/33      AC: 18    Str: 21    XL:     5   Next: 84%
Magic:  5/5        EV:  4    Int:  8    God:
Gold:   117        SH:  9    Dex:  9    Spells: 4/4 levels left

rFire    . . .     SeeInvis .   h - +3 whip (flame)
rCold    + . .     Gourm    .   c - +0 shield
rNeg     + . .     Faith    .   i - +1 plate armour {rC+}
rPois    ∞         Spirit   .   (no helmet)
rElec    +         Reflect  .   t - +1 cloak {+Inv}
rCorr    .         Harm     .   (no gloves)
MR       .....                  (no boots)
Stlth    ..........             (no amulet)
HPRegen  0.11/turn              (no ring)
MPRegen  0.09/turn              (no ring)

@: no status effects
A: negative energy resistance 1, electricity resistance, unbreathing,
petrification resistance, rot immunity, AC +4
a: Evoke Invisibility


You were on level 3 of the Dungeon.
You were hungry.

You visited 1 branch of the dungeon, and saw 3 of its levels.

You collected 117 gold pieces.

Inventory:

Hand Weapons
 a - a +0 flail
 h - a +3 whip of flaming (weapon)
Armour
 b - a +0 scale mail
 c - a +0 shield (worn)
 i - a +1 plate armour of cold resistance (worn)
 p - a +0 cloak
 t - a +1 cloak of invisibility (worn)
Scrolls
 d - 5 scrolls of identify {unknown}
 e - 3 scrolls of teleportation {unknown}
 k - a scroll of blinking {unknown}
 n - a scroll of fear {unknown}
 r - a scroll of enchant weapon {unknown}
 s - 3 scrolls of remove curse {unknown}
 u - a scroll of enchant armour {unknown}
Potions
 g - a potion of heal wounds {unknown}
 j - 2 potions of brilliance {unknown}
 l - a potion of curing {unknown}
 m - 3 potions of invisibility {unknown}
 o - a potion of degeneration {unknown}
 q - 2 potions of haste
 v - a potion of flight {unknown}
Comestibles
 f - 3 rations


   Skills:
 + Level 4.1 Fighting
 + Level 3.7 Maces & Flails
 + Level 3.8 Armour
 - Level 0.1 Dodging
 + Level 5.0 Shields


You had 4 spell levels left.
You didn't know any spells.
Your spell library was empty.

Dungeon Overview and Level Annotations

Branches:
Dungeon (3/15)

Altars:


Innate Abilities, Weirdness & Mutations

You are resistant to torment.
Your stone body is resilient. (AC +4)
You are immune to poison.
You resist negative energy. (rN+)
You are resistant to electric shocks. (rElec)
You can survive without breathing.
You are immune to petrification.
You are immune to rotting.


Message History

The frilled lizard bites you but does no damage.
Things that are here:
a falchion; an orc corpse You hit the frilled lizard.
You burn the frilled lizard.
You kill the frilled lizard!
The orc priest calls down the wrath of Beogh upon you.
Pain shoots through your body!
* * * LOW HITPOINT WARNING * * *
The orc priest hits you but does no damage.
Things that are here:
a club; a frilled lizard corpse; a goblin corpse You hit the orc priest.
You burn the orc priest.
The orc priest is moderately wounded.
The orc priest completely misses you.
An orc comes into view. It is wielding a hand axe.
You hit the orc priest. You burn the orc priest.
The orc priest is severely wounded.
The orc priest invokes the aid of Beogh against you.
Beogh smites you!
You die...

... .### .... ..# .#
....) #.# #.#.#
.#....##.#########.#.#
......)o.....#...#.#.#
......##.###.........#
#####...l..#.........#
#.#.%#o#.........# #
##.#@#.........#
..#)#.#####.#.#
##.#.#.#####.#.#
#....#.........#
############...#
..........#...#
..#########.#<..#
................#
............#..#######


You could see an orc priest and an orc.

Vanquished Creatures
  Crazy Yiuf (D:2)
  Natasha (twice) (D:2)
  Robin (D:2)
  4 adders
  A shadow imp (D:3)
  An ooze (D:1)
  A dart slug (D:1)
  A leopard gecko (D:2)
  2 orcs (D:3)
  3 giant cockroaches
  13 goblins
  8 hobgoblins
  8 kobolds
  A quokka (D:2)
  9 bats
  5 frilled lizards
  11 rats
72 creatures vanquished.

Notes
Turn   | Place    | Note
-------+----------+-------------------------------------------
     0 | D:1      | Mysteryquy the Gargoyle Fighter began the quest for the
                  | Orb.
     0 | D:1      | Reached XP level 1. HP: 14/14 MP: 1/1
    68 | D:1      | Reached XP level 2. HP: 17/19 MP: 2/2
   322 | D:1      | Reached XP level 3. HP: 23/23 MP: 3/3
   714 | D:2      | Reached skill level 4 in Shields
   852 | D:2      | Noticed Robin
   860 | D:2      | Reached XP level 4. HP: 23/29 MP: 4/4
   877 | D:2      | Noticed Natasha
   881 | D:2      | Killed Robin
   901 | D:2      | Killed Natasha
  1045 | D:2      | Noticed Natasha
  1054 | D:2      | Killed Natasha
  1054 | D:2      | Reached XP level 5. HP: 28/33 MP: 5/5
  1353 | D:2      | Found a runed door.
  1497 | D:2      | Noticed Crazy Yiuf
  1504 | D:2      | Killed Crazy Yiuf
  1579 | D:3      | Reached skill level 5 in Shields
  1677 | D:3      | Killed from afar by an orc priest

Skill      XL: |  1  2  3  4  5 |
---------------+----------------+-----
Shields        | 4 5 |  5.0
Maces & Flails | 3 |  3.7
Fighting       | 4 |  4.1
Armour         | |  3.8
Dodging        | |  0.1

Action                   |  1- 3 |  4- 6 || total
-------------------------+-------+-------++-------
Melee: Flail             |    26 |       ||    26
       Whip              |    89 |   104 ||   193
  Use: Potion            |       |     1 ||     1
  Eat: Chunk             |       |     2 ||     2
Armor: Scale mail        |    50 |       ||    50
       Plate armour      |    39 |    82 ||   121
Dodge: Dodged            |    27 |    22 ||    49
Block: Shield            |    78 |    70 ||   148
